 Dungeon Crawl Stone Soup version 0.27.0-1-g7a089689b8 (webtiles) character file.

Game seed: 14150994715939474543

102 Brandom the Skirmisher (level 4, -2/39 HPs)
             Began as a Palentonga Monk on Aug 9, 2021.
             Was a Priest of Yredelemnul.
             Slain by a hobgoblin (5 damage)
             ... led by Robin
             ... on level 2 of the Dungeon.
             The game lasted 00:04:11 (1709 turns).

Brandom the Skirmisher (Palentonga Monk)            Turns: 1709, Time: 00:04:12

Health: -2/39      AC:  4    Str: 15    XL:     4   Next: 49%
Magic:  4/4        EV: 10    Int: 11    God:    Yredelemnul [***...]
Gold:   63         SH:  0    Dex: 12    Spells: 3/3 levels left

rFire    . . .     SeeInvis +   a - +0 falchion
rCold    . . .     Faith    .   (no shield)
rNeg     . . .     Spirit   .   b - +0 robe
rPois    .         Reflect  .   (no helmet)
rElec    .         Harm     .   (no cloak)
rCorr    .         Rampage  .   (no gloves)
Will     .....                  (no barding)
Stlth    ++........             e - amulet of magic regeneration
HPRegen  0.13/turn              (no ring)
MPRegen  0.34/turn              (no ring)

@: on berserk cooldown, slowed, very slow
A: large, rugged brown scales 3, see invisible, deformed body, roll 1, armoured
tail
a: Rolling Charge, Renounce Religion, Recall Undead Slaves, Injury Mirror,
Animate Dead


You were on level 2 of the Dungeon.
You worshipped Yredelemnul.
Yredelemnul was most pleased with you.
You visited 1 branch of the dungeon, and saw 2 of its levels.

You collected 63 gold pieces.

Inventory:

Hand Weapons
 a - a +0 falchion (weapon)
Missiles
 g - 6 javelins
Armour
 b - a +0 robe (worn)
 f - a +0 pair of gloves
   (You found it on level 2 of the Dungeon)
Jewellery
 e - an amulet of magic regeneration (around neck)
   (You found it on level 2 of the Dungeon)
Scrolls
 c - a scroll of magic mapping {unknown}
 d - 2 scrolls of identify {unknown}
 i - a scroll of blinking {unknown}


   Skills:
 + Level 3.9 Fighting
 + Level 3.9 Long Blades
 + Level 3.1 Dodging
 - Level 1.2 Stealth
 + Level 0.4 Invocations


You had 3 spell levels left.
You didn't know any spells.
Your spell library contained the following spells:

 Spells                   Type           Power      Damage    Failure   Level
 Shock                    Conj/Air       0%         1d3       34%         1


Dungeon Overview and Level Annotations

Branches:
Dungeon (2/15)

Altars:
Yredelemnul

Annotations:
D:2 Robin


Innate Abilities, Weirdness & Mutations

You are completely covered in rugged brown scales. (AC +3, +7% HP)
You have supernaturally acute eyesight. (SInv)
Armour fits poorly on your strangely shaped body.
You can roll at nearby foes to attack.
You have a long armoured tail.


Message History

* * * LOW HITPOINT WARNING * * *
The hobgoblin hits you but does no damage.
You completely miss the goblin. The goblin hits you with a +0 club.
* * * LOW HITPOINT WARNING * * *
Unknown command.
You miss the goblin.
Your tail-slap misses the goblin.
The hobgoblin barely misses you. The goblin hits you but does no damage.
Unknown command.
You closely miss the goblin. The hobgoblin barely misses you.
Unknown command.
You barely miss the goblin. The goblin hits you with a +0 club.
* * * LOW HITPOINT WARNING * * *
You closely miss the goblin. The hobgoblin misses you.
The goblin hits you but does no damage.
Unknown command.
You slash the goblin!
You kill the goblin!
Yredelemnul accepts your kill.
The hobgoblin hits you but does no damage.
Unknown command.
Items here: )))) ††.
Unknown command.
You feel a strong urge to attack something.
Unknown command.
You are no longer berserk.
You are exhausted.
You feel yourself slow down.
The hobgoblin no longer looks unusually strong. x2
The hobgoblin hits you but does no damage.
The hobgoblin barely misses you. The hobgoblin misses you.
You riposte.
You hit the hobgoblin but do no damage. Robin throws the goblin at you!
You barely miss the goblin. The goblin barely misses you.
You riposte.
You hit the goblin. You tail-slap the goblin.
You kill the goblin!
Yredelemnul accepts your kill.
Robin roars a battlecry!
The goblins go into a battle-frenzy!
The hobgoblin closely misses you. x2; You riposte.
You hit the hobgoblin but do no damage.
You see here a +0 dagger.
The hobgoblin hits you.
* * * LOW HITPOINT WARNING * * *
Unknown command.
Unknown command.
Robin says, "Bow before me, strongest of all the hobgoblins!"
The hobgoblin closely misses you. The hobgoblin hits you.
You die...
Your body rises from the dead as a mindless zombie.

#....######## #. ###..# #.
###..#### ######. #
#.......####...##. ##
########.#.....<....#....
.########........##...........#.#
#)........##.###.#####.###....#.#
.##########........###.##...###.#
.# ##.#.g@......##...# #.# .#
#.#g###.######...# #.# .# #.#.#
#.# #..<# #.. .## #.#g# #.#
#...##### ..######## #.#g# #.#
#........ #.##.....#
#.#.###.######...###..
#.##.....###.#g##.#.>...........#
#.##..#......#.#.###............#
#.##.....#####.##.#.............#


You could see a hobgoblin (strong) and a goblin (strong).

Vanquished Creatures
  Jessica (D:2)
  An adder (D:2)
  3 dart slugs
  An orc (D:2)
  4 ball pythons
  3 bats
  An endoplasm (D:2)
  A giant cockroach (D:1)
  13 goblins
  9 hobgoblins
  3 jackals (D:1)
  2 quokkas (D:1)
  A frilled lizard (D:1)
  4 kobolds
  7 rats
54 creatures vanquished.

Vanquished Creatures (others)
  A fungus (D:2)
  25 plants (D:2)
26 creatures vanquished.

Grand Total: 80 creatures vanquished

Notes
Turn   | Place    | Note
-------+----------+-------------------------------------------
     0 | D:1      | Brandom the Palentonga Monk began the quest for the Orb.
     0 | D:1      | Reached XP level 1. HP: 19/19 MP: 1/1
   247 | D:1      | Reached XP level 2. HP: 25/25 MP: 2/2
   561 | D:1      | Reached XP level 3. HP: 31/31 MP: 3/3
  1219 | D:2      | Found a faded altar of an unknown god.
  1222 | D:2      | Got Plato's Collected Works on Flight
  1223 | D:2      | Became a worshipper of Yredelemnul the Dark
  1223 | D:2      | Reached * piety under Yredelemnul
  1223 | D:2      | Reached ** piety under Yredelemnul
  1289 | D:2      | Noticed Jessica
  1298 | D:2      | Killed Jessica
  1299 | D:2      | Reached XP level 4. HP: 32/39 MP: 4/4
  1448 | D:2      | Reached *** piety under Yredelemnul
  1658 | D:2      | Noticed Robin
  1688 | D:2      | HP: 2/58 [goblin[Robin] (2)]
  1709 | D:2      | Slain by a hobgoblin

Illustrated notes

Levels and vault maps discovered:
D:1:      eino_arrival_tree_alley, layout_loops_ring
D:2:      layout_loops_cross, shapermc_ecumenical_altar_rom_forum,
          serial_bayou_pond_c, uniq_jessica, uniq_robin

Skill      XL: |  1  2  3 |
---------------+----------+-----
Dodging        | 3 |  3.1
Fighting       | |  3.9
Long Blades    | |  3.9
Stealth        | |  1.2
Invocations    | |  0.4

Action                   |  1- 3 |  4- 6 || total
-------------------------+-------+-------++-------
Melee: Falchion          |    85 |    42 ||   127
       Tailslap          |     7 |     5 ||    12
  Use: Potion            |       |     1 ||     1
 Stab: Sleeping          |     2 |     1 ||     3
Armor: Robe              |    30 |    15 ||    45
Dodge: Dodged            |    43 |    37 ||    80
       Rpst.: Falchion   |    19 |    11 ||    30
